RedWings vs Stars

Created - December-12-12 at 17:58

Goals
1 2 3 OT1 SO T
RedWings 2 0 2 0 2 5
Stars 0 3 1 0 0 4
Shots
1 2 3 OT1 SO T
RedWings 6 5 9 4 2 24
Stars 10 14 3 2 2 29

1st period

1. RedWings , Ray Whitney 7 (Keith Yandle, Paul Martin) at 0:46
2. RedWings , Ray Whitney 8 (Paul Martin, Keith Yandle) at 2:19

Penalties :
Alec Martinez (DAL) for High sticking (Minor) at 6:19, Eric Brewer (DET) for Interference (Minor) at 16:43

2nd period

3. Stars , Ville Leino 5 (Nicklas Grossmann) at 3:08
4. Stars , Ville Leino 6 (Cam Atkinson, Jakub Kindl) at 11:53 (PP)
5. Stars , Ville Leino 7 (John-Michael Liles, Alec Martinez) at 18:15

Penalties :
Pavel Kubina (DET) for Hooking (Minor) at 6:14, Nate Thompson (DET) for Hooking (Minor) at 11:00

3rd period

6. RedWings , Keith Yandle 3 (Brian Campbell, Ray Whitney) at 8:54 (PP)
7. RedWings , Alexandre Burrows 9 (Joe Thornton, Curtis Glencross) at 17:04
8. Stars , Alec Martinez 9 (John-Michael Liles, Rene Bourque) at 19:44

Penalties :
Brandon Prust (DAL) for Holding (Minor) at 0:36, Daniel Carcillo (DAL) for Holding (Minor) at 2:50, John-Michael Liles (DAL) for Holding (Minor) at 7:57, Derick Brassard (DAL) for Hooking (Minor) at 9:40, Alec Martinez (DAL) for Slashing (Minor) at 12:25

Overtime #1

No Goal

Penalties :
No Penalty

Shootout

Penalty Shot by Alexandre Burrows for RedWings - Goal!
Penalty Shot by Cam Atkinson for Stars - Stopped by Roberto Luongo
Penalty Shot by Ryan Whitney for RedWings - Goal!
Penalty Shot by Rene Bourque for Stars - Stopped by Roberto Luongo

Penalties :
No Penalty

Goalie Stats

Roberto Luongo (DET), 25 saves from 29 shots - (0.862), W, 15-12-4, 65:00 minutes
Mathieu Garon (DAL), 20 saves from 24 shots - (0.833), OTL, 6-6-1, 63:51 minutes

Players Stats for RedWings

Player Name              G  A  P  +/- PIM S  H  SB GA TA FO     MP     PP MP  PK MP  
------------------------------------------------------------------------------------
Alexandre Burrows        1  0  1   0  0   5  3  0  0  0  1/2    25:04   5:41   1:15 
Brian Campbell           0  1  1  -1  0   1  1  2  0  0  0/0    28:23   5:54   3:05 
Chris Summers            0  0  0   0  0   0  0  2  0  0  0/0     4:49   0:00   0:00 
Curtis Glencross         0  1  1   0  0   3  2  0  0  0  0/0    22:09   5:11   0:12 
Daymond Langkow          0  0  0   2  0   0  0  0  0  0  9/14   18:29   0:00   0:12 
Eric Brewer              0  0  0  -1  2   0  0  2  0  0  0/0    20:52   0:00   1:29 
Jamie Langenbrunner      0  0  0   2  0   1  0  0  0  0  2/3    21:47   5:11   0:20 
Jared Spurgeon           0  0  0   0  0   0  0  2  0  0  0/0    12:32   0:00   1:36 
Joe Thornton             0  1  1   0  0   6  0  0  0  0  24/36  23:24   5:41   1:15 
Keith Yandle             1  2  3   1  0   2  3  0  0  0  0/0    21:48   5:54   1:46 
Mark Fraser              0  0  0   0  0   0  1  0  0  0  0/0     4:49   0:00   0:00 
Nate Thompson            0  0  0  -2  2   0  4  0  0  0  7/17   19:36   0:00   3:04 
Paul Martin              0  2  2   1  0   1  0  1  0  0  0/0    20:52   4:58   1:46 
Pavel Kubina             0  0  0   0  2   0  2  2  0  0  0/0    10:55   0:00   0:00 
Ray Whitney              2  1  3   2  0   2  0  0  0  0  0/2    23:13   5:41   3:24 
Ryan Whitney             0  0  0   0  0   1  0  0  0  0  0/0     4:58   4:58   0:00 
Sergei Kostitsyn         0  0  0  -2  0   0  0  0  0  0  0/0    13:23   0:00   0:00 
Travis Zajac             0  0  0  -2  0   2  1  0  0  0  8/14   18:03   5:11   0:00 

Players Stats for Stars

Player Name              G  A  P  +/- PIM S  H  SB GA TA FO     MP     PP MP  PK MP  
------------------------------------------------------------------------------------
Alec Martinez            1  1  2   0  4   5  5  0  0  0  0/0    23:36   2:30   2:34 
Brad Richards            0  0  0  -2  0   3  1  1  0  0  13/29  22:20   2:39   0:57 
Brandon Prust            0  0  0  -1  2   0  3  0  0  0  1/3    18:15   0:00   5:40 
Cam Atkinson             0  1  1  -2  0   1  0  0  0  0  0/1    17:51   2:12   0:00 
Daniel Carcillo          0  0  0   2  2   0  2  0  0  0  2/2    13:40   0:24   0:00 
Derick Brassard          0  0  0   0  2   5  3  0  0  0  8/19   20:32   2:15   1:02 
Jakub Kindl              0  1  1   0  0   2  0  0  0  0  0/0     8:02   2:21   1:43 
John-Michael Liles       0  2  2   0  2   2  2  1  0  0  0/0    20:45   2:30   0:00 
Keith Ballard            0  0  0   0  0   1  1  0  0  0  0/0     3:50   0:00   0:00 
Matt Martin              0  0  0   2  0   1  4  0  0  0  0/0    16:02   0:00   2:53 
Mike Cammalleri          0  0  0  -2  0   2  1  0  0  0  0/0    24:09   3:07   0:00 
Mike Komisarek           0  0  0  -1  0   1  3  1  0  0  0/0    14:58   0:00   3:50 
Nick Schultz             0  0  0   1  0   0  1  3  0  0  0/0    22:28   0:00   6:51 
Nicklas Grossmann        0  1  1   1  0   0  0  2  0  0  0/0    22:49   0:00   6:46 
Raphael Diaz             0  0  0  -1  0   1  0  0  0  0  0/0    13:29   2:21   0:00 
Rene Bourque             0  1  1   0  0   1  0  0  0  0  4/11   23:34   1:44   6:52 
Scott Gomez              0  0  0   1  0   0  0  0  0  0  2/3     4:28   0:00   1:27 
Ville Leino              3  0  3   2  0   4  0  0  0  0  7/20   18:14   2:12   2:53 

3 Stars

1 - Ville Leino (DAL)
2 - Ray Whitney (DET)
3 - Keith Yandle (DET)

Power Play

RedWings - 1 on 6 Attempt(s) - 16.67%
Stars - 1 on 3 Attempt(s) - 33.33%

Penalty Kill

RedWings - 2 on 3 Attempt(s) - 66.67% - Score 0 goal in Penalty Kill
Stars - 5 on 6 Attempt(s) - 83.33% - Score 0 goal in Penalty Kill

Official

Referees : Stephen Walkom and Kevin Pollock
Linesman : Mike Cvik and Darren Gibbs

Game Notes

Ville Leino has scored a Hat Trick!

Finance

Level 1 -- Attendance: 3845 (64.08%) -- Ticket Income $634,425
Level 2 -- Attendance: 2530 (50.60%) -- Ticket Income $316,250
Level 3 -- Attendance: 1867 (93.35%) -- Ticket Income $149,360
Level 4 -- Attendance: 1934 (42.67%) -- Ticket Income $96,700
Luxury Box -- Attendance: 402 (40.20%) -- Ticket Income $180,900
Game was played at the American Airlines Center
Total Attendance: 10578 (57.08%)
Total Ticket Income: $1,377,635
Other Income: $206,645
Total Income: $1,584,280


% Time on Ice - RedWings

Lines # - Real PCT - Wanted PCT - Time Play
Normal Forward
1 - 34% - 40% - 15:06
2 - 32% - 30% - 14:08
3 - 30% - 20% - 13:23
4 - 4% - 10% - 1:40
Normal Defense
1 - 37% - 40% - 16:35
2 - 27% - 30% - 11:57
3 - 25% - 20% - 10:56
4 - 11% - 10% - 4:49
PP Forward
1 - 52% - 60% - 5:41
2 - 48% - 40% - 5:11
PP Defense
1 - 54% - 60% - 5:54
2 - 46% - 40% - 4:58
PK Forward
1 - 74% - 60% - 3:36
2 - 26% - 40% - 1:15
PK Defense
1 - 64% - 60% - 3:05
2 - 36% - 40% - 1:46
PK3 Forward
1 - 0% - 60%
2 - 0% - 40%
PK3 Defense
1 - 0% - 60%
2 - 0% - 40%
44 Forward
1 - 73% - 60% - 3:38
2 - 27% - 40% - 1:22
44 Defense
1 - 56% - 60% - 2:49
2 - 44% - 40% - 2:11
Last Minute Offensive  - 0:00
Last Minute Defensive  - 0:00
Total
Forward - 65:00
Defense - 65:00

% Time on Ice - Stars

Lines # - Real PCT - Wanted PCT - Time Play
Normal Forward
1 - 29% - 34% - 12:36
2 - 36% - 34% - 15:39
3 - 30% - 25% - 13:09
4 - 6% - 7% - 2:29
Normal Defense
1 - 30% - 35% - 13:20
2 - 36% - 35% - 15:35
3 - 25% - 25% - 11:08
4 - 9% - 5% - 3:50
PP Forward
1 - 55% - 70% - 2:39
2 - 45% - 30% - 2:12
PP Defense
1 - 52% - 65% - 2:30
2 - 48% - 35% - 2:21
PK Forward
1 - 73% - 60% - 7:59
2 - 27% - 40% - 2:53
PK Defense
1 - 65% - 70% - 7:06
2 - 35% - 30% - 3:46
PK3 Forward
1 - 0% - 60%
2 - 0% - 40%
PK3 Defense
1 - 0% - 70%
2 - 0% - 30%
44 Forward
1 - 72% - 60% - 3:36
2 - 28% - 40% - 1:24
44 Defense
1 - 54% - 60% - 2:43
2 - 46% - 40% - 2:17
Last Minute Offensive  - 0:24
Last Minute Defensive  - 0:00
Total
Forward - 65:00
Defense - 65:00

Play by Play

1st period


0:01 of 1st period - Joe Thornton wins face-off versus Derick Brassard in neutral zone.
0:01 of 1st period - Joe Thornton is hit by Brandon Prust.
0:32 of 1st period - Shot by Joe Thornton.
0:32 of 1st period - Stopped by Mathieu Garon without a rebound.
0:33 of 1st period - Daymond Langkow wins face-off versus Brad Richards in Stars zone.
0:46 of 1st period - Shot by Ray Whitney.
0:46 of 1st period - Goal by Ray Whitney - RedWings : 1 - Stars : 0.
0:47 of 1st period - Ville Leino wins face-off versus Travis Zajac in neutral zone.
1:03 of 1st period - Sergei Kostitsyn is hit by Mike Komisarek.
1:59 of 1st period - Icing by Alec Martinez.
2:00 of 1st period - Brad Richards wins face-off versus Joe Thornton in Stars zone.
2:00 of 1st period - Brad Richards is hit by Curtis Glencross.
2:05 of 1st period - Icing by Cam Atkinson.
2:06 of 1st period - Daymond Langkow wins face-off versus Brad Richards in Stars zone.
2:19 of 1st period - Shot by Ray Whitney.
2:19 of 1st period - Goal by Ray Whitney - RedWings : 2 - Stars : 0.
2:20 of 1st period - Joe Thornton wins face-off versus Brandon Prust in neutral zone.
3:05 of 1st period - Shot by Alexandre Burrows.
3:05 of 1st period - Shot Misses the Net.
3:20 of 1st period - Icing by Nicklas Grossmann.
3:21 of 1st period - Travis Zajac wins face-off versus Brandon Prust in Stars zone.
3:36 of 1st period - Shot by Travis Zajac.
3:36 of 1st period - Stopped by Mathieu Garon without a rebound.
3:37 of 1st period - Daymond Langkow wins face-off versus Brad Richards in Stars zone.
3:39 of 1st period - Ray Whitney is hit by John-Michael Liles and loses puck.
3:52 of 1st period - Shot by Mike Cammalleri.
3:52 of 1st period - Stopped by Roberto Luongo without a rebound.
3:53 of 1st period - Daniel Carcillo wins face-off versus Nate Thompson in RedWings zone.
3:53 of 1st period - Mike Komisarek is hit by Mark Fraser and loses puck.
4:10 of 1st period - Shot by Ville Leino.
4:10 of 1st period - Shot Blocked by Chris Summers.
4:54 of 1st period - Icing by Alec Martinez.
4:55 of 1st period - Daymond Langkow wins face-off versus Cam Atkinson in Stars zone.
4:55 of 1st period - Daymond Langkow is hit by Alec Martinez.
5:57 of 1st period - Keith Yandle is hit by John-Michael Liles and loses puck.
6:19 of 1st period - Minor Penalty to Alec Martinez for High sticking.
6:20 of 1st period - Rene Bourque wins face-off versus Joe Thornton in Stars zone.
6:33 of 1st period - Shot by Joe Thornton.
6:33 of 1st period - Shot Blocked by Nick Schultz.
7:37 of 1st period - Shot by Jamie Langenbrunner.
7:37 of 1st period - Shot Blocked by Nick Schultz.
9:15 of 1st period - Scott Gomez is hit by Nate Thompson and loses puck.
9:39 of 1st period - Joe Thornton is hit by Mike Komisarek.
10:17 of 1st period - Shot by Ville Leino.
10:17 of 1st period - Shot Blocked by Chris Summers.
11:13 of 1st period - Shot by Brad Richards.
11:13 of 1st period - Shot Misses the Net.
11:41 of 1st period - Icing by Keith Yandle.
11:42 of 1st period - Nate Thompson wins face-off versus Ville Leino in RedWings zone.
11:42 of 1st period - Nate Thompson is hit by Matt Martin.
11:47 of 1st period - Paul Martin is hit by Keith Ballard and loses puck.
11:51 of 1st period - Icing by Jakub Kindl.
11:52 of 1st period - Joe Thornton wins face-off versus Ville Leino in Stars zone.
12:55 of 1st period - Icing by John-Michael Liles.
12:56 of 1st period - Brad Richards wins face-off versus Ray Whitney in Stars zone.
13:46 of 1st period - Icing by Alec Martinez.
13:47 of 1st period - Joe Thornton wins face-off versus Brad Richards in Stars zone.
13:47 of 1st period - Alexandre Burrows is hit by Alec Martinez and loses puck.
13:50 of 1st period - Shot by Curtis Glencross.
13:50 of 1st period - Stopped by Mathieu Garon with a rebound.
13:57 of 1st period - Brad Richards is hit by Curtis Glencross and loses puck.
14:08 of 1st period - Cam Atkinson is hit by Alexandre Burrows and loses puck.
14:42 of 1st period - Off-side.
14:43 of 1st period - Travis Zajac wins face-off versus Ville Leino in neutral zone.
15:58 of 1st period - Shot by Derick Brassard.
15:58 of 1st period - Shot Hit the Post.
16:12 of 1st period - Shot by Derick Brassard.
16:12 of 1st period - Stopped by Roberto Luongo without a rebound.
16:13 of 1st period - Scott Gomez wins face-off versus Joe Thornton in RedWings zone.
16:19 of 1st period - Icing by Paul Martin.
16:20 of 1st period - Brad Richards wins face-off versus Joe Thornton in RedWings zone.
16:21 of 1st period - Shot by Cam Atkinson.
16:21 of 1st period - Stopped by Roberto Luongo without a rebound.
16:22 of 1st period - Derick Brassard wins face-off versus Joe Thornton in RedWings zone.
16:38 of 1st period - Icing by Brian Campbell.
16:39 of 1st period - Joe Thornton wins face-off versus Brad Richards in RedWings zone.
16:43 of 1st period - Minor Penalty to Eric Brewer for Interference.
16:44 of 1st period - Brad Richards wins face-off versus Nate Thompson in RedWings zone.
16:45 of 1st period - Shot by Mike Cammalleri.
16:45 of 1st period - Stopped by Roberto Luongo without a rebound.
16:46 of 1st period - Nate Thompson wins face-off versus Derick Brassard in RedWings zone.
17:08 of 1st period - Icing by Mike Cammalleri.
17:09 of 1st period - Brad Richards wins face-off versus Nate Thompson in Stars zone.
17:13 of 1st period - Off-side.
17:14 of 1st period - Ville Leino wins face-off versus Nate Thompson in neutral zone.
17:19 of 1st period - Shot by Jakub Kindl.
17:19 of 1st period - Stopped by Roberto Luongo with a rebound.
17:42 of 1st period - Icing by Raphael Diaz.
17:43 of 1st period - Ville Leino wins face-off versus Nate Thompson in Stars zone.
17:56 of 1st period - Shot by Rene Bourque.
17:56 of 1st period - Shot Misses the Net.
17:58 of 1st period - Shot by Ville Leino.
17:58 of 1st period - Stopped by Roberto Luongo without a rebound.
17:59 of 1st period - Joe Thornton wins face-off versus Brad Richards in RedWings zone.
18:10 of 1st period - Shot by Alec Martinez.
18:10 of 1st period - Stopped by Roberto Luongo without a rebound.
18:11 of 1st period - Nate Thompson wins face-off versus Brad Richards in RedWings zone.
18:11 of 1st period - Ray Whitney is hit by Derick Brassard.
18:17 of 1st period - Shot by John-Michael Liles.
18:17 of 1st period - Stopped by Roberto Luongo with a rebound.
18:19 of 1st period - Shot by Alec Martinez.
18:19 of 1st period - Stopped by Roberto Luongo without a rebound.
18:20 of 1st period - Nate Thompson wins face-off versus Brad Richards in RedWings zone.
18:20 of 1st period - Nate Thompson is hit by Mike Cammalleri.
18:27 of 1st period - Icing by Derick Brassard.
18:28 of 1st period - Brad Richards wins face-off versus Nate Thompson in Stars zone.
18:39 of 1st period - Shot by Brad Richards.
18:39 of 1st period - Stopped by Roberto Luongo without a rebound.
18:40 of 1st period - Brad Richards wins face-off versus Nate Thompson in RedWings zone.
19:02 of 1st period - Shot by Alexandre Burrows.
19:02 of 1st period - Stopped by Mathieu Garon without a rebound.
19:03 of 1st period - Derick Brassard wins face-off versus Daymond Langkow in Stars zone.
19:59 of 1st period - Icing by Brian Campbell.

2nd period


0:01 of 2nd period - Derick Brassard wins face-off versus Joe Thornton in neutral zone.
0:01 of 2nd period - Nicklas Grossmann is hit by Alexandre Burrows and loses puck.
0:08 of 2nd period - Shot by Joe Thornton.
0:08 of 2nd period - Stopped by Mathieu Garon with a rebound.
0:10 of 2nd period - Shot by Alexandre Burrows.
0:10 of 2nd period - Shot Blocked by Nick Schultz.
0:12 of 2nd period - Shot by Alexandre Burrows.
0:12 of 2nd period - Shot Blocked by Nicklas Grossmann.
0:44 of 2nd period - Brian Campbell is hit by Derick Brassard and loses puck.
1:29 of 2nd period - Brad Richards is hit by Keith Yandle and loses puck.
2:04 of 2nd period - John-Michael Liles is hit by Nate Thompson and loses puck.
2:12 of 2nd period - Ville Leino is hit by Pavel Kubina and loses puck.
2:17 of 2nd period - Shot by Matt Martin.
2:17 of 2nd period - Stopped by Roberto Luongo with a rebound.
2:19 of 2nd period - Shot by Alec Martinez.
2:19 of 2nd period - Stopped by Roberto Luongo without a rebound.
2:20 of 2nd period - Travis Zajac wins face-off versus Derick Brassard in RedWings zone.
2:20 of 2nd period - Travis Zajac is hit by Brandon Prust.
3:08 of 2nd period - Shot by Ville Leino.
3:08 of 2nd period - Goal by Ville Leino - RedWings : 2 - Stars : 1.
3:09 of 2nd period - Brad Richards wins face-off versus Joe Thornton in neutral zone.
3:15 of 2nd period - Icing by Brian Campbell.
3:16 of 2nd period - Joe Thornton wins face-off versus Ville Leino in RedWings zone.
3:16 of 2nd period - Joe Thornton is hit by Matt Martin.
3:36 of 2nd period - Shot by Joe Thornton.
3:36 of 2nd period - Shot Blocked by Nicklas Grossmann.
3:38 of 2nd period - Shot by Alexandre Burrows.
3:38 of 2nd period - Stopped by Mathieu Garon without a rebound.
3:39 of 2nd period - Daymond Langkow wins face-off versus Brad Richards in Stars zone.
3:44 of 2nd period - Shot by Ray Whitney.
3:44 of 2nd period - Shot Blocked by John-Michael Liles.
4:08 of 2nd period - Shot by Brad Richards.
4:08 of 2nd period - Stopped by Roberto Luongo without a rebound.
4:09 of 2nd period - Derick Brassard wins face-off versus Joe Thornton in RedWings zone.
4:41 of 2nd period - Shot by Joe Thornton.
4:41 of 2nd period - Shot Misses the Net.
5:28 of 2nd period - Keith Yandle is hit by Nick Schultz.
6:14 of 2nd period - Minor Penalty to Pavel Kubina for Hooking.
6:15 of 2nd period - Nate Thompson wins face-off versus Brad Richards in RedWings zone.
6:28 of 2nd period - Shot by Brad Richards.
6:28 of 2nd period - Stopped by Roberto Luongo without a rebound.
6:29 of 2nd period - Nate Thompson wins face-off versus Ville Leino in RedWings zone.
6:36 of 2nd period - Shot by Mike Cammalleri.
6:36 of 2nd period - Shot Blocked by Brian Campbell.
6:38 of 2nd period - Shot by Alec Martinez.
6:38 of 2nd period - Shot Misses the Net.
6:56 of 2nd period - Shot by Alec Martinez.
6:56 of 2nd period - Stopped by Roberto Luongo without a rebound.
6:57 of 2nd period - Daniel Carcillo wins face-off versus Nate Thompson in RedWings zone.
6:58 of 2nd period - Shot by Brad Richards.
6:58 of 2nd period - Shot Misses the Net.
7:02 of 2nd period - Shot by Raphael Diaz.
7:02 of 2nd period - Shot Misses the Net.
7:04 of 2nd period - Shot by Jakub Kindl.
7:04 of 2nd period - Shot Blocked by Brian Campbell.
7:06 of 2nd period - Shot by Jakub Kindl.
7:06 of 2nd period - Stopped by Roberto Luongo without a rebound.
7:07 of 2nd period - Joe Thornton wins face-off versus Ville Leino in RedWings zone.
7:33 of 2nd period - Shot by John-Michael Liles.
7:33 of 2nd period - Stopped by Roberto Luongo without a rebound.
7:34 of 2nd period - Nate Thompson wins face-off versus Brad Richards in RedWings zone.
7:56 of 2nd period - Shot by Derick Brassard.
7:56 of 2nd period - Shot Misses the Net.
8:32 of 2nd period - Icing by Nicklas Grossmann.
8:33 of 2nd period - Ville Leino wins face-off versus Daymond Langkow in Stars zone.
9:00 of 2nd period - Shot by Ray Whitney.
9:00 of 2nd period - Deflect By Jamie Langenbrunner.
9:00 of 2nd period - Stopped by Mathieu Garon with a rebound.
10:25 of 2nd period - Shot by Curtis Glencross.
10:25 of 2nd period - Stopped by Mathieu Garon without a rebound.
10:26 of 2nd period - Derick Brassard wins face-off versus Travis Zajac in Stars zone.
10:30 of 2nd period - Icing by Derick Brassard.
10:31 of 2nd period - Derick Brassard wins face-off versus Nate Thompson in Stars zone.
10:31 of 2nd period - Jakub Kindl is hit by Nate Thompson and loses puck.
10:37 of 2nd period - Jakub Kindl is hit by Pavel Kubina and loses puck.
11:00 of 2nd period - Minor Penalty to Nate Thompson for Hooking.
11:01 of 2nd period - Joe Thornton wins face-off versus Brad Richards in RedWings zone.
11:21 of 2nd period - Shot by Derick Brassard.
11:21 of 2nd period - Stopped by Roberto Luongo without a rebound.
11:22 of 2nd period - Jamie Langenbrunner wins face-off versus Ville Leino in RedWings zone.
11:49 of 2nd period - Shot by Jakub Kindl.
11:49 of 2nd period - Shot Misses the Net.
11:51 of 2nd period - Shot by Cam Atkinson.
11:51 of 2nd period - Shot Misses the Net.
11:53 of 2nd period - Shot by Ville Leino.
11:53 of 2nd period - Goal by Ville Leino - RedWings : 2 - Stars : 2.
11:54 of 2nd period - Joe Thornton wins face-off versus Scott Gomez in neutral zone.
13:25 of 2nd period - Shot by Matt Martin.
13:25 of 2nd period - Shot Blocked by Eric Brewer.
14:03 of 2nd period - Off-side.
14:04 of 2nd period - Derick Brassard wins face-off versus Travis Zajac in neutral zone.
14:04 of 2nd period - Derick Brassard is hit by Travis Zajac.
14:26 of 2nd period - Shot by Brandon Prust.
14:26 of 2nd period - Shot Misses the Net.
14:36 of 2nd period - Shot by Derick Brassard.
14:36 of 2nd period - Shot Misses the Net.
14:51 of 2nd period - Alec Martinez is hit by Keith Yandle and loses puck.
15:09 of 2nd period - Icing by John-Michael Liles.
15:10 of 2nd period - Joe Thornton wins face-off versus Ville Leino in Stars zone.
16:04 of 2nd period - Shot by Mike Komisarek.
16:04 of 2nd period - Stopped by Roberto Luongo without a rebound.
16:05 of 2nd period - Brandon Prust wins face-off versus Daymond Langkow in RedWings zone.
16:13 of 2nd period - Off-side.
16:14 of 2nd period - Daymond Langkow wins face-off versus Brad Richards in neutral zone.
16:58 of 2nd period - Keith Yandle is hit by Brad Richards and loses puck.
17:41 of 2nd period - Shot by Derick Brassard.
17:41 of 2nd period - Stopped by Roberto Luongo without a rebound.
17:42 of 2nd period - Joe Thornton wins face-off versus Ville Leino in RedWings zone.
17:51 of 2nd period - Shot by Joe Thornton.
17:51 of 2nd period - Stopped by Mathieu Garon with a rebound.
18:04 of 2nd period - Ville Leino is hit by Brian Campbell and loses puck.
18:13 of 2nd period - Shot by Ville Leino.
18:13 of 2nd period - Shot Blocked by Eric Brewer.
18:15 of 2nd period - Shot by Ville Leino.
18:15 of 2nd period - Goal by Ville Leino - RedWings : 2 - Stars : 3.
18:16 of 2nd period - Travis Zajac wins face-off versus Derick Brassard in neutral zone.
18:50 of 2nd period - Shot by Brandon Prust.
18:50 of 2nd period - Shot Blocked by Pavel Kubina.
18:56 of 2nd period - Shot by Derick Brassard.
18:56 of 2nd period - Shot Misses the Net.
18:58 of 2nd period - Shot by Brandon Prust.
18:58 of 2nd period - Deflect By Derick Brassard.
18:58 of 2nd period - Stopped by Roberto Luongo without a rebound.
18:59 of 2nd period - Joe Thornton wins face-off versus Ville Leino in RedWings zone.
18:59 of 2nd period - Joe Thornton is hit by Daniel Carcillo.
19:10 of 2nd period - Eric Brewer is hit by Alec Martinez and loses puck.
19:29 of 2nd period - Brian Campbell is hit by Daniel Carcillo and loses puck.
19:59 of 2nd period - Icing by Brad Richards.

3rd period


0:01 of 3rd period - Brad Richards wins face-off versus Joe Thornton in neutral zone.
0:15 of 3rd period - Icing by Keith Yandle.
0:16 of 3rd period - Derick Brassard wins face-off versus Joe Thornton in RedWings zone.
0:36 of 3rd period - Minor Penalty to Brandon Prust for Holding.
0:37 of 3rd period - Travis Zajac wins face-off versus Rene Bourque in Stars zone.
0:40 of 3rd period - Shot by Keith Yandle.
0:40 of 3rd period - Stopped by Mathieu Garon with a rebound.
0:48 of 3rd period - Shot by Travis Zajac.
0:48 of 3rd period - Shot Misses the Net.
1:27 of 3rd period - Icing by Ray Whitney.
1:28 of 3rd period - Joe Thornton wins face-off versus Brad Richards in RedWings zone.
2:09 of 3rd period - Shot by Paul Martin.
2:09 of 3rd period - Shot Misses the Net.
2:11 of 3rd period - Shot by Joe Thornton.
2:11 of 3rd period - Deflect By Alexandre Burrows.
2:11 of 3rd period - Stopped by Mathieu Garon with a rebound.
2:13 of 3rd period - Shot by Alexandre Burrows.
2:13 of 3rd period - Shot Blocked by Mike Komisarek.
2:50 of 3rd period - Minor Penalty to Daniel Carcillo for Holding.
2:51 of 3rd period - Rene Bourque wins face-off versus Joe Thornton in Stars zone.
3:56 of 3rd period - Shot by Curtis Glencross.
3:56 of 3rd period - Stopped by Mathieu Garon with a rebound.
4:21 of 3rd period - Icing by Alexandre Burrows.
4:22 of 3rd period - Joe Thornton wins face-off versus Rene Bourque in RedWings zone.
4:22 of 3rd period - Joe Thornton is hit by Brandon Prust.
5:09 of 3rd period - Shot by Brad Richards.
5:09 of 3rd period - Shot Misses the Net.
5:11 of 3rd period - Shot by Jakub Kindl.
5:11 of 3rd period - Shot Misses the Net.
5:13 of 3rd period - Shot by Keith Ballard.
5:13 of 3rd period - Stopped by Roberto Luongo without a rebound.
5:14 of 3rd period - Daymond Langkow wins face-off versus Ville Leino in RedWings zone.
5:48 of 3rd period - Ray Whitney is hit by Matt Martin and loses puck.
6:10 of 3rd period - Icing by Alec Martinez.
6:11 of 3rd period - Brad Richards wins face-off versus Joe Thornton in Stars zone.
6:11 of 3rd period - Alec Martinez is hit by Alexandre Burrows and loses puck.
6:31 of 3rd period - Icing by Brad Richards.
6:32 of 3rd period - Travis Zajac wins face-off versus Brad Richards in Stars zone.
7:00 of 3rd period - Shot by Brad Richards.
7:00 of 3rd period - Shot Misses the Net.
7:08 of 3rd period - Shot by Travis Zajac.
7:08 of 3rd period - Shot Misses the Net.
7:10 of 3rd period - Shot by Paul Martin.
7:10 of 3rd period - Shot Misses the Net.
7:12 of 3rd period - Shot by Keith Yandle.
7:12 of 3rd period - Shot Misses the Net.
7:36 of 3rd period - Shot by Curtis Glencross.
7:36 of 3rd period - Shot Blocked by Brad Richards.
7:57 of 3rd period - Minor Penalty to John-Michael Liles for Holding.
7:58 of 3rd period - Rene Bourque wins face-off versus Travis Zajac in Stars zone.
8:17 of 3rd period - Shot by Ryan Whitney.
8:17 of 3rd period - Stopped by Mathieu Garon without a rebound.
8:18 of 3rd period - Joe Thornton wins face-off versus Rene Bourque in Stars zone.
8:54 of 3rd period - Shot by Keith Yandle.
8:54 of 3rd period - Goal by Keith Yandle - RedWings : 3 - Stars : 3.
8:55 of 3rd period - Ville Leino wins face-off versus Travis Zajac in neutral zone.
9:40 of 3rd period - Minor Penalty to Derick Brassard for Hooking.
9:41 of 3rd period - Alexandre Burrows wins face-off versus Rene Bourque in Stars zone.
9:46 of 3rd period - Shot by Brian Campbell.
9:46 of 3rd period - Shot Misses the Net.
11:00 of 3rd period - Shot by Paul Martin.
11:00 of 3rd period - Stopped by Mathieu Garon without a rebound.
11:01 of 3rd period - Ville Leino wins face-off versus Travis Zajac in Stars zone.
11:48 of 3rd period - Shot by Cam Atkinson.
11:48 of 3rd period - Shot Blocked by Pavel Kubina.
12:12 of 3rd period - Shot by Brad Richards.
12:12 of 3rd period - Shot Blocked by Jared Spurgeon.
12:14 of 3rd period - Shot by Raphael Diaz.
12:14 of 3rd period - Stopped by Roberto Luongo without a rebound.
12:15 of 3rd period - Joe Thornton wins face-off versus Derick Brassard in RedWings zone.
12:19 of 3rd period - Brian Campbell is hit by Alec Martinez and loses puck.
12:23 of 3rd period - Icing by John-Michael Liles.
12:24 of 3rd period - Joe Thornton wins face-off versus Derick Brassard in Stars zone.
12:24 of 3rd period - Joe Thornton is hit by Alec Martinez.
12:25 of 3rd period - Minor Penalty to Alec Martinez for Slashing.
12:26 of 3rd period - Rene Bourque wins face-off versus Alexandre Burrows in Stars zone.
12:45 of 3rd period - Shot by Brian Campbell.
12:45 of 3rd period - Stopped by Mathieu Garon without a rebound.
12:46 of 3rd period - Travis Zajac wins face-off versus Rene Bourque in Stars zone.
12:57 of 3rd period - Shot by Travis Zajac.
12:57 of 3rd period - Stopped by Mathieu Garon without a rebound.
12:58 of 3rd period - Travis Zajac wins face-off versus Rene Bourque in Stars zone.
13:50 of 3rd period - Brian Campbell is hit by Matt Martin and loses puck.
14:14 of 3rd period - Icing by Paul Martin.
14:15 of 3rd period - Joe Thornton wins face-off versus Rene Bourque in RedWings zone.
14:21 of 3rd period - Icing by Joe Thornton.
14:22 of 3rd period - Ville Leino wins face-off versus Ray Whitney in RedWings zone.
14:27 of 3rd period - Shot by Ville Leino.
14:27 of 3rd period - Shot Blocked by Jared Spurgeon.
14:29 of 3rd period - Shot by Cam Atkinson.
14:29 of 3rd period - Shot Misses the Net.
15:52 of 3rd period - Icing by Eric Brewer.
15:53 of 3rd period - Daymond Langkow wins face-off versus Derick Brassard in RedWings zone.
16:32 of 3rd period - Shot by Travis Zajac.
16:32 of 3rd period - Shot Misses the Net.
16:39 of 3rd period - Sergei Kostitsyn is hit by Mike Komisarek and loses puck.
17:04 of 3rd period - Shot by Alexandre Burrows.
17:04 of 3rd period - Goal by Alexandre Burrows - RedWings : 4 - Stars : 3.
17:05 of 3rd period - Joe Thornton wins face-off versus Brad Richards in neutral zone.
17:43 of 3rd period - Icing by Joe Thornton.
17:44 of 3rd period - Joe Thornton wins face-off versus Ville Leino in RedWings zone.
18:31 of 3rd period - Icing by Eric Brewer.
18:32 of 3rd period - Brad Richards wins face-off versus Daymond Langkow in RedWings zone.
18:35 of 3rd period - Stars, Mathieu Garon is pulled from the net.
18:37 of 3rd period - Shot by Cam Atkinson.
18:37 of 3rd period - Shot Misses the Net.
19:44 of 3rd period - Shot by Alec Martinez.
19:44 of 3rd period - Goal by Alec Martinez - RedWings : 4 - Stars : 4.
19:44 of 3rd period - Mathieu Garon from Stars was sent back in the game.
19:45 of 3rd period - Joe Thornton wins face-off versus Ville Leino in neutral zone.

Overtime #1


0:01 of 1st overtime period - Jamie Langenbrunner wins face-off versus Derick Brassard in neutral zone.
0:56 of 1st overtime period - Alexandre Burrows is hit by Derick Brassard and loses puck.
1:15 of 1st overtime period - Shot by Alexandre Burrows.
1:15 of 1st overtime period - Stopped by Mathieu Garon without a rebound.
1:16 of 1st overtime period - Brad Richards wins face-off versus Daymond Langkow in Stars zone.
1:28 of 1st overtime period - Nick Schultz is hit by Keith Yandle and loses puck.
1:51 of 1st overtime period - Shot by Rene Bourque.
1:51 of 1st overtime period - Stopped by Roberto Luongo without a rebound.
1:52 of 1st overtime period - Joe Thornton wins face-off versus Derick Brassard in RedWings zone.
1:58 of 1st overtime period - Shot by Joe Thornton.
1:58 of 1st overtime period - Stopped by Mathieu Garon without a rebound.
1:59 of 1st overtime period - Joe Thornton wins face-off versus Derick Brassard in Stars zone.
2:10 of 1st overtime period - Shot by Joe Thornton.
2:10 of 1st overtime period - Stopped by Mathieu Garon without a rebound.
2:11 of 1st overtime period - Daymond Langkow wins face-off versus Derick Brassard in Stars zone.
3:16 of 1st overtime period - Shot by Alexandre Burrows.
3:16 of 1st overtime period - Deflect By Joe Thornton.
3:16 of 1st overtime period - Shot Misses the Net.
3:20 of 1st overtime period - Shot by Alexandre Burrows.
3:20 of 1st overtime period - Shot Misses the Net.
3:32 of 1st overtime period - Shot by Joe Thornton.
3:32 of 1st overtime period - Stopped by Mathieu Garon without a rebound.
3:33 of 1st overtime period - Brad Richards wins face-off versus Nate Thompson in Stars zone.
3:33 of 1st overtime period - Mike Cammalleri is hit by Nate Thompson and loses puck.
4:36 of 1st overtime period - Shot by Derick Brassard.
4:36 of 1st overtime period - Shot Blocked by Paul Martin.
4:38 of 1st overtime period - Shot by Rene Bourque.
4:38 of 1st overtime period - Deflect By Derick Brassard.
4:38 of 1st overtime period - Stopped by Roberto Luongo with a rebound.
4:51 of 1st overtime period - Icing by Jamie Langenbrunner.
4:52 of 1st overtime period - Scott Gomez wins face-off versus Jamie Langenbrunner in RedWings zone.

ShootOut


5:00 of 1st overtime period - Penalty Shot by Alexandre Burrows for RedWings.
5:00 of 1st overtime period - Goal by Alexandre Burrows.
5:00 of 1st overtime period - Penalty Shot by Cam Atkinson for Stars.
5:00 of 1st overtime period - Stopped by Roberto Luongo.
5:00 of 1st overtime period - Penalty Shot by Ryan Whitney for RedWings.
5:00 of 1st overtime period - Goal by Ryan Whitney.
5:00 of 1st overtime period - Penalty Shot by Rene Bourque for Stars.
5:00 of 1st overtime period - Stopped by Roberto Luongo.


Output by the SimonT Hockey Simulator (STHS) for Stephane Roy -- Original Page W3C XHTML 1.0 Valid
Hockey Simulator - Hockey Simulation - Hockey Manager